 Dungeon Crawl Stone Soup version 0.26-a0-752-gcff87cac9a (webtiles) character file.

Game seed: 634517553004897071

684 Forecaster the Stinger (level 7, -16/58 HPs)
             Began as a Naga Venom Mage on Nov 6, 2020.
             Demolished by Menkaure (22 damage)
             ... on level 4 of the Dungeon.
             The game lasted 00:25:34 (5309 turns).

Forecaster the Stinger (Naga Venom Mage)            Turns: 5309, Time: 00:25:35

Health: -16/58     AC:  5    Str: 11    XL:     7   Next: 62%
Magic:  13/13      EV: 10    Int: 16    God:
Gold:   262        SH:  0    Dex: 12    Spells: 4/14 levels left

rFire    x . .     SeeInvis +   A - +6 dagger (venom)
rCold    + . .     Faith    .   (no shield)
rNeg     . . .     Spirit   .   E - +0 robe
rPois    +         Reflect  .   (no helmet)
rElec    .         Harm     .   (no cloak)
rCorr    .         Rampage  .   s - +1 pair of gloves
MR       .....                  (no barding)
Stlth    ++........             u - amulet of the acrobat
HPRegen  0.19/turn              k - ring of ice
MPRegen  0.13/turn              (no ring)

@: very slow
A: large, see invisible, deformed body, poison resistance, slowness 2, spit
poison 1, AC +2
a: Spit Poison


You were on level 4 of the Dungeon.
You visited 1 branch of the dungeon, and saw 4 of its levels.

You collected 262 gold pieces.

Inventory:

Hand Weapons
 b - a +0 dagger of freezing
 A - a +6 dagger of venom (weapon)
 B - a +3 hand axe
 C - a +2 dagger of venom
Missiles
 c - 32 poisoned darts (quivered)
 z - a silver boomerang
Armour
 g - a +0 leather armour
 s - a +1 pair of gloves (worn)
 E - a +0 robe (worn)
Jewellery
 k - a ring of ice (left hand)
 u - an amulet of the acrobat (around neck)
Wands
 v - a wand of paralysis (7)
 y - a wand of digging (6)
 F - a wand of polymorph (11)
Scrolls
 d - 2 scrolls of remove curse
 e - 3 scrolls of identify
 i - a scroll of amnesia
 m - a scroll of fear
 t - a scroll of blinking
 H - a scroll of fog {unknown}
Potions
 f - 2 potions of invisibility
 h - 2 potions of brilliance
 j - a potion of flight
 o - 3 potions of berserk rage
 w - a potion of haste


   Skills:
 + Level 1.7 Fighting
 + Level 1.1 Short Blades
 + Level 2.5 Dodging
 + Level 3.6 Stealth
 + Level 4.4 Spellcasting
 + Level 1.4 Transmutations
 + Level 0.1 Fire Magic
 + Level 2.9 Air Magic
 + Level 7.0 Poison Magic


You had 4 spell levels left.
You knew the following spells:

 Your Spells              Type           Power        Failure   Level
a - Sting                 Tmut/Pois      ###.         3%          1
b - Poisonous Vapours     Pois/Air       ###...       3%          2
c - Olgreb's Toxic Radia  Pois           ####....     9%          4
d - Ignite Poison         Fire/Tmut/Pois ##......     16%         3

Your spell library contained the following spells:

 Spells                   Type           Power        Failure   Level
 Mephitic Cloud           Conj/Pois/Air  ##......     13%         3


Dungeon Overview and Level Annotations

Branches:
Dungeon (4/15)
 Temple: D:4-7

Altars:

Annotations:
D:4 Menkaure


Innate Abilities, Weirdness & Mutations

You cannot wear boots.
Your serpentine skin is tough. (AC +2)
You have supernaturally acute eyesight. (SInv)
Armour fits poorly on your strangely shaped body.
Your system is resistant to poisons. (rPois)
You cover ground very slowly.
You can spit poison.


Message History

Your body is wracked with pain!
You feel better. Menkaure hits you!!
You hit Menkaure.
Menkaure is moderately damaged.
Menkaure misses you. Menkaure hits you but does no damage.
You hit Menkaure.
Menkaure is heavily damaged.
Menkaure casts a spell at you. Pain shoots through your body!
You puncture Menkaure!
Menkaure is severely damaged.
Menkaure hits you!
* * * LOW HITPOINT WARNING * * *
You completely miss Menkaure.
Menkaure is severely damaged.
Menkaure barely misses you.
You hit Menkaure.
Menkaure is almost destroyed.
Menkaure hits you!!
You die...

#. ### #. #### #.# #.
###..## ##.## #. ###<....#
##...# ##. ###.......#
#....# ####..
##.........###...## ###.....
#.....#.....#.....###.#.....
##.....#...@#..#^...........
##.#<.#....M.##..#####...#.
#.#..##.)##.#....# #...#.
###..#...####.#.##########
##...#####.....#.....8.#
#####..###.......##.......#
##..##.......#..#..#.......#
#............##.#..#.......#
#............#.....#.....♣.#


You could see Menkaure (fast).

Vanquished Creatures
  An ice beast (D:3)
  A phantom (D:4)
  A big kobold (D:4)
  2 bullfrog skeletons (D:4)
  2 orc priests (D:3)
  A centaur skeleton (D:4)
  Jessica (D:2)
  Terence (D:3)
  An iguana (D:2)
  2 worker ants (D:4)
  Robin (D:4)
  3 adders
  A worm (D:2)
  The ghost of Perttuleena the Sneak, a weakling TeDe (D:4)
  A dart slug (D:2)
  4 leopard geckos
  18 orcs
  2 ball pythons (D:3)
  2 giant cockroaches
  22 goblins
  5 hobgoblins
  7 jackals (D:2)
  4 kobolds
  11 bats
  6 frilled lizards
  A jackal skeleton (D:4)
  6 rats
108 creatures vanquished.

Vanquished Creatures (others)
  5 toadstools (D:1)
5 creatures vanquished.

Grand Total: 113 creatures vanquished

Notes
Turn   | Place    | Note
-------+----------+-------------------------------------------
     0 | D:1      | Forecaster the Naga Venom Mage began the quest for the Orb.
     0 | D:1      | Reached XP level 1. HP: 15/15 MP: 3/3
   183 | D:1      | Reached XP level 2. HP: 22/22 MP: 1/5
   187 | D:1      | Learned a level 2 spell: Poisonous Vapours
   781 | D:2      | Reached XP level 3. HP: 28/28 MP: 1/6
   952 | D:2      | Reached skill level 5 in Poison Magic
  1206 | D:2      | Reached XP level 4. HP: 36/36 MP: 3/8
  1434 | D:2      | Noticed Jessica
  1437 | D:2      | Killed Jessica
  1437 | D:2      | Reached skill level 1 in Air Magic
  1742 | D:2      | Reached XP level 5. HP: 42/42 MP: 4/9
  2249 | D:3      | Noticed Terence
  2259 | D:3      | Killed Terence
  2338 | D:3      | Learned a level 4 spell: Olgreb's Toxic Radiance
  2342 | D:3      | Learned a level 3 spell: Ignite Poison
  2411 | D:3      | Reached XP level 6. HP: 49/49 MP: 1/11
  3057 | D:3      | Noticed an ice beast
  3068 | D:3      | Killed an ice beast
  3068 | D:3      | Reached skill level 6 in Poison Magic
  3745 | D:4      | Noticed Robin
  3748 | D:4      | Killed Robin
  3860 | D:4      | Found a runed translucent gate.
  3860 | D:4      | Found a runed translucent gate.
  3861 | D:4      | Found a runed translucent gate.
  3862 | D:4      | Noticed Perttuleena's ghost (weakling TeDe)
  3895 | D:4      | Reached XP level 7. HP: 18/56 MP: 13/13
  4205 | D:4      | Reached skill level 1 in Fighting
  4343 | D:4      | Killed Perttuleena's ghost
  4745 | D:4      | Reached skill level 1 in Short Blades
  4872 | D:4      | Reached skill level 7 in Poison Magic
  5080 | D:4      | Noticed Menkaure
  5309 | D:4      | Demolished by Menkaure

Illustrated notes

Levels and vault maps discovered:
D:1:      ldierk_walled_garden, layout_rooms, serial_forest,
          infiniplex_forest_corner_1, infiniplex_forest_pool,
          infiniplex_forest_lined_corner, infiniplex_forest_diagonal,
          infiniplex_forest_clump_diagonal, infiniplex_forest_lined_corner,
          infiniplex_forest_end_3
D:2:      layout_basic, uniq_jessica
D:3:      layout_basic, uniq_terence
D:4:      layout_cave_pools, ebering_ghost_rock_garden, kennysheep_another_room,
          uniq_menkaure, uniq_robin

Skill      XL: |  1  2  3  4  5  6  7 |
---------------+----------------------+-----
Poison Magic   | 5 6 7 |  7.0
Spellcasting   | 3 4 |  4.4
Air Magic      | 1 2 |  2.9
Dodging        | 2 |  2.5
Fighting       | 1 |  1.7
Short Blades   | 1 |  1.1
Stealth        | |  3.6
Transmutations | |  1.4
Fire Magic     | |  0.1

Action                   |  1- 3 |  4- 6 |  7- 9 || total
-------------------------+-------+-------+-------++-------
Melee: Dagger            |    15 |    70 |    55 ||   140
 Cast: Sting             |     7 |       |     7 ||    14
       Poisonous Vapours |    26 |    62 |     9 ||    97
       Ignite Poison     |       |     3 |     2 ||     5
       Olgreb's Toxic Ra |       |     2 |     1 ||     3
  Use: Scroll            |       |       |    14 ||    14
       Potion            |       |       |     4 ||     4
Armor: Robe              |     5 |    12 |     5 ||    22
Dodge: Dodged            |     9 |    36 |    20 ||    65

Table legend: (Time is in decaauts)
 A = Elapsed time spent in this place.
 B = Non-inter-level travel time spent in this place.
 C = Inter-level travel time spent in this place.
 D = Time resting spent in this place.
 E = Time spent auto-exploring this place.
 F = Levels seen in this place.
 G = Mean time per level.
                   A        B        C        D        E       F      G
               +--------+--------+--------+--------+--------+-----+--------+
         Total |   6090 |   6007 |     83 |   1269 |   3585 |   4 | 1522.5 |
       Dungeon |   6090 |   6007 |     83 |   1269 |   3585 |   4 | 1522.5 |
               +--------+--------+--------+--------+--------+-----+--------+

Top non-repeatable levels by time:
     D:3: 2132 daAuts
     D:4: 1801 daAuts
     D:2: 1284 daAuts
     D:1: 872 daAuts
